 Dungeon Crawl Stone Soup version 0.21.1-1-g345015fe64 (webtiles) character file.

8810 Htamos the Grappler (level 11, -1/145 HPs)
             Began as a Troll Warper on June 10, 2018.
             Shot with an arrow by a centaur (6 damage)
             ... on level 11 of the Dungeon.
             The game lasted 00:43:59 (8260 turns).

Htamos the Grappler (Troll Warper)                  Turns: 8260, Time: 00:43:59

Health: -1/145     AC: 16    Str: 29    XL:     11   Next: 14%
Magic:  12/12      EV:  7    Int:  9    God:
Gold:   43         SH: 15    Dex:  9    Spells: 11/13 levels left

rFire    + . .     SeeInvis .     - Unarmed
rCold    + . .     Gourm    +   M - +0 large shield {AC+3}
rNeg     . . .     Faith    .   g - +4 troll leather armour {Purgy}
rPois    +         Spirit   .   J - +2 hat
rElec    +         Reflect  .   (no cloak)
rCorr    +         Harm     .   (gloves unavailable)
MR       .....                  (boots unavailable)
Stlth    ..........             l - amulet of rage
HPRegen  1.14/turn              B - ring of flight
MPRegen  0.13/turn              (no ring)

@: mighty, berserking, resistant, very slightly contaminated, very quick
A: large, unfitting armour, claws 3, fast metabolism 3, gourmand, regeneration
1, shaggy fur 1, tough skin 2
a: Evoke Berserk Rage, Evoke Flight


You were on level 11 of the Dungeon.
You were very full.

You visited 1 branch of the dungeon, and saw 11 of its levels.

You collected 576 gold pieces.
You spent 533 gold pieces at shops.

Inventory:

Missiles
 d - 5 tomahawks of dispersal (quivered)
 e - 184 stones
 K - 2 tomahawks
Armour
 a - a +1 robe
 g - a +4 troll leather armour (worn) {Purgy}
 H - a +0 shield
 J - a +2 hat (worn)
 M - a +0 large shield of protection (worn)
Jewellery
 i - an uncursed ring of magical power
 l - an amulet of rage (around neck)
 x - an uncursed ring of flight
 B - a ring of flight (left claw)
 C - a cursed ring of loudness {unknown}
 I - an uncursed ring of stealth {unknown}
 T - an uncursed ring of poison resistance {unknown}
 U - an uncursed ring of positive energy {unknown}
Wands
 v - a wand of iceblast (21)
 G - a wand of disintegration (19)
 L - a wand of polymorph (10)
 O - a wand of paralysis (12)
 V - a wand of clouds (4)
Scrolls
 c - 3 scrolls of blinking
 j - a scroll of identify
 k - 4 scrolls of remove curse
 m - a scroll of enchant weapon
 p - 3 scrolls of teleportation
 r - a scroll of amnesia
 F - a scroll of noise {unknown}
 P - 2 scrolls of magic mapping {unknown}
 W - a scroll of fog
Potions
 h - 2 potions of haste
 n - 2 potions of magic
 o - 3 potions of ambrosia
 t - 4 potions of cancellation
 u - a potion of agility
 w - 2 potions of lignification
 z - 5 potions of curing
 A - a potion of flight
 Q - a potion of degeneration {unknown}
Books
 b - a book of Spatial Translocations

   Spells                             Type                      Level
   a - Blink                          Translocation                2
   b - Shroud of Golubria             Charms/Translocation         2
   c - Lesser Beckoning               Translocation                3
   d - Gell's Gravitas                Translocation                3
   e - Teleport Other                 Translocation                3
   f - Passage of Golubria            Translocation                4
 s - a book of Minor Magic

   Spells                             Type                      Level
   a - Magic Dart                     Conjuration                  1
   b - Blink                          Translocation                2
   c - Call Imp                       Summoning                    2
   d - Slow                           Hexes                        2
   e - Conjure Flame                  Conjuration/Fire             3
   f - Mephitic Cloud                 Conjuration/Poison/Air       3
 D - Sybrul's Guide on Confrontation
   (You found it on level 4 of the Dungeon)

   Spells                             Type                      Level
   a - Shock                          Conjuration/Air              1
   b - Searing Ray                    Conjuration                  2
   c - Bolt of Draining               Conjuration/Necromancy       5
 R - a book of Air

   Spells                             Type                      Level
   a - Shock                          Conjuration/Air              1
   b - Swiftness                      Charms/Air                   2
   c - Static Discharge               Conjuration/Air              3
   d - Airstrike                      Air                          4
   e - Lightning Bolt                 Conjuration/Air              5
 S - a book of Cantrips

   Spells                             Type                      Level
   a - Confusing Touch                Hexes                        1
   b - Animate Skeleton               Necromancy                   1
   c - Summon Small Mammal            Summoning                    1
   d - Apportation                    Translocation                1
Comestibles
 f - 30 rations


   Skills:
 + Level 3.0 Fighting
 - Level 1.1 Throwing
 * Level 4.5 Armour
 - Level 4.1 Dodging
 - Level 0.6 Stealth
 + Level 3.0 Shields
 * Level 13.8 Unarmed Combat
 - Level 1.7 Spellcasting
 * Level 3.7 Translocations


You had 11 spell levels left.
You knew the following spells:

 Your Spells              Type           Power        Failure   Level  Hunger
a - Blink                 Tloc           N/A          86%         2    ###....


Dungeon Overview and Level Annotations

Branches:
Dungeon (11/15)            Temple (0/1) D:4            Lair (0/6) D:9
    Orc (0/2) D:10

Altars:
Elyvilon
Fedhas
Kikubaaqudgha
Makhleb
Nemelex Xobeh
Ru
Trog
Wu Jian
Yredelemnul

Shops:
D:5 =   D:8 [   D:10 ?


Innate Abilities, Weirdness & Mutations

You are too large for most types of armour.
You have claws for hands.
Your metabolism is lightning-fast.
You like to eat raw meat.
Your natural rate of healing is unusually fast.
You are covered in fur. (AC +1)
You have very tough skin. (AC +2)


Message History

You feel quite a bit less full.
The centaur shoots an arrow.
The arrow hits you but does no damage. The 15-headed hydra barely misses you.
The 15-headed hydra bites you.
* * * LOW HITPOINT WARNING * * *
The 15-headed hydra bites you but does no damage. x2
The 15-headed hydra completely misses you.
The 15-headed hydra bites you.
* * * LOW HITPOINT WARNING * * *
The 15-headed hydra closely misses you. You block the 15-headed hydra's attack.
The 15-headed hydra bites you.
* * * LOW HITPOINT WARNING * * *
You block the 15-headed hydra's attack. x2; The 15-headed hydra bites you.
* * * LOW HITPOINT WARNING * * *
The 15-headed hydra bites you.
* * * LOW HITPOINT WARNING * * *
The 15-headed hydra bites you.
* * * LOW HITPOINT WARNING * * *
The 15-headed hydra barely misses you.
The centaur shoots an arrow.
The arrow hits you.
You die...

#...%....# .... #####
#........# ....
####...######........# .....
#..........##.....[..# .....
#.#.<#.###.##.(......#
......+.......#............#
......#.#.##..#............#
.........%.#..#D##.........#
######..#.#(.@....c.......#
#.........(##.##........#
####.##.#.....##.##..>......
##...........#... #c........
#........≈..≈≈≈###
#......... ##....≈^≈^≈.^###.
.....§^#≈#≈..≈ ≈#
##....≈^≈#...^§ ≈
#....§^≈.≈.... ..


You could see a 15-headed hydra and a centaur.

Vanquished Creatures
  A two-headed ogre (D:9)
  An unseen horror (D:10)
  2 trolls (D:9)
  The ghost of Mesmodan the Covert, a novice SpEn of Dithmenos (D:6)
  A spriggan (D:9)
  2 hippogriffs
  Sigmund (D:4)
  4 yaks (D:10)
  A hungry ghost (D:10)
  A water moccasin (D:9)
  Duvessa (D:7)
  Purgy (D:4)
  5 orc warriors
  An ice beast (D:7)
  4 sky beasts
  3 black bears
  2 phantoms (D:10)
  A necrophage (D:11)
  5 ogres
  3 wolves (D:9)
  6 centaurs
  2 big kobolds
  6 bullfrogs
  A gnoll sergeant (D:6)
  Dowan (D:7)
  A water moccasin skeleton (D:10)
  2 troll zombies (D:10)
  3 wights (D:10)
  2 howler monkeys
  2 electric eels (D:9)
  2 crimson imps
  2 quasits
  A bullfrog zombie (D:5)
  4 jellies
  A gnoll shaman (D:7)
  11 hounds
  7 orc priests
  11 orc wizards
  A bullfrog skeleton (D:7)
  An iguana (D:7)
  8 worker ants
  4 ogre zombies (D:10)
  A hound zombie (D:10)
  A worker ant zombie (D:5)
  5 adders
  12 gnolls
  2 shadow imps
  2 oozes
  An adder zombie (D:5)
  5 adder skeletons
  3 worms
  3 dart slugs
  A leopard gecko (D:5)
  30 orcs
  A ball python (D:2)
  5 bats
  4 giant cockroaches
  9 hobgoblins
  6 jackals
  3 quokkas
  3 frilled lizards
  5 goblins
  A goblin skeleton (D:10)
  2 goblin zombies (D:10)
  3 hobgoblin zombies (D:10)
  2 jackal skeletons (D:5)
  11 kobolds
  5 orc skeletons (D:10)
  8 orc zombies (D:10)
  2 quokka zombies
  10 rats
266 creatures vanquished.

Notes
Turn   | Place    | Note
-------+----------+-------------------------------------------
     0 | D:1      | Htamos the Troll Warper began the quest for the Orb.
     0 | D:1      | Reached XP level 1. HP: 19/19 MP: 1/1
    66 | D:1      | Reached skill level 1 in Throwing
   148 | D:1      | Reached XP level 2. HP: 27/27 MP: 3/3
   587 | D:1      | Reached XP level 3. HP: 35/35 MP: 4/4
  1065 | D:2      | Reached skill level 3 in Unarmed Combat
  1065 | D:2      | Reached XP level 4. HP: 38/42 MP: 5/5
  1257 | D:2      | Found an ornate altar of the Wu Jian Council.
  1339 | D:2      | Found a sacrificial altar of Ru.
  2075 | D:3      | Reached XP level 5. HP: 43/49 MP: 6/6
  2076 | D:3      | Reached skill level 4 in Unarmed Combat
  2421 | D:3      | Found a burning altar of Makhleb.
  2475 | D:4      | Noticed Purgy
  2486 | D:4      | Killed Purgy
  2486 | D:4      | Reached skill level 5 in Unarmed Combat
  2486 | D:4      | Reached XP level 6. HP: 37/57 MP: 7/7
  2516 | D:4      | Noticed Sigmund
  2523 | D:4      | Killed Sigmund
  2733 | D:4      | Reached skill level 6 in Unarmed Combat
  2755 | D:4      | You fall through a shaft for 2 floors!
  2769 | D:6      | Found a large runed door.
  2769 | D:6      | Found a large runed door.
  2781 | D:6      | Reached XP level 7. HP: 27/65 MP: 8/8
  2822 | D:6      | Found a large runed door.
  2822 | D:6      | Found a large runed door.
  2935 | D:6      | Noticed Mesmodan's ghost (novice SpEn)
  3032 | D:6      | Reached skill level 7 in Unarmed Combat
  3064 | D:6      | Reached skill level 1 in Armour
  3090 | D:6      | Killed Mesmodan's ghost
  3090 | D:6      | Reached XP level 8. HP: 72/72 MP: 9/9
  3142 | D:6      | Reached skill level 8 in Unarmed Combat
  3880 | D:5      | Entered Level 5 of the Dungeon
  4003 | D:5      | Found a blossoming altar of Fedhas.
  4016 | D:5      | Reached skill level 9 in Unarmed Combat
  4071 | D:5      | Found Kyerphi's Jewellery Emporium.
  4074 | D:5      | Bought an uncursed ring of flight for 192 gold pieces
  4524 | D:4      | Found a staircase to the Ecumenical Temple.
  4795 | D:4      | Identified Sybrul's Guide on Confrontation
  5388 | D:7      | Reached XP level 9. HP: 71/80 MP: 10/10
  5420 | D:7      | Reached skill level 10 in Unarmed Combat
  5570 | D:7      | Noticed Duvessa
  5573 | D:7      | Noticed Dowan
  5581 | D:7      | Killed Duvessa
  5596 | D:7      | Killed Dowan
  5896 | D:8      | Reached skill level 11 in Unarmed Combat
  5956 | D:8      | Found Geakhleo's Armour Emporium.
  5969 | D:8      | Bought a +0 large shield of protection for 161 gold pieces
  6293 | D:8      | Reached skill level 1 in Shields
  6342 | D:8      | Learned a level 2 spell: Blink
  6343 | D:9      | Noticed a two-headed ogre
  6349 | D:9      | Killed a two-headed ogre
  6349 | D:9      | Reached skill level 12 in Unarmed Combat
  6375 | D:8      | Reached XP level 10. HP: 49/88 MP: 11/11
  6463 | D:9      | Found a bloodstained altar of Trog.
  6654 | D:9      | Found a staircase to the Lair.
  6756 | D:9      | Found a basalt altar of Yredelemnul.
  6799 | D:9      | Found an ancient bone altar of Kikubaaqudgha.
  6799 | D:9      | Found a white marble altar of Elyvilon.
  6800 | D:9      | Found a sacrificial altar of Ru.
  6926 | D:9      | Found a sparkling altar of Nemelex Xobeh.
  7225 | D:10     | Entered Level 10 of the Dungeon
  7229 | D:10     | Reached skill level 13 in Unarmed Combat
  7286 | D:10     | Killed an unseen horror
  7452 | D:10     | Found a staircase to the Orcish Mines.
  7745 | D:10     | Reached XP level 11. HP: 95/97 MP: 12/12
  7792 | D:10     | Found Nuumioju's Magic Scroll Shop.
  7796 | D:10     | Bought a scroll of enchant armour for 90 gold pieces
  7796 | D:10     | Bought a scroll of blinking for 90 gold pieces
  8239 | D:11     | Noticed an eight-headed hydra
  8260 | D:11     | HP: 5/145 [15-headed hydra (3)]
  8260 | D:11     | Shot with an arrow by a centaur

Skill      XL: |  1  2  3  4  5  6  7  8  9 10 11 |
---------------+----------------------------------+-----
Dodging        | 2 3 4 |  4.1
Throwing       | 1 |  1.1
Unarmed Combat | 3 5 6 7 9 12 13 | 13.8
Fighting       | 2 3 |  3.0
Armour         | 1 2 3 4 |  4.5
Shields        | 1 2 3 |  3.0
Translocations | 3 |  3.7
Stealth        | |  0.6
Spellcasting   | |  1.7

Action                   |  1- 3 |  4- 6 |  7- 9 | 10-12 || total
-------------------------+-------+-------+-------+-------++-------
Melee: Unarmed           |   101 |    89 |   316 |   370 ||   876
       Punch             |     1 |     1 |     3 |       ||     5
 Abil: Evoke Berserk Rag |       |       |       |     1 ||     1
  Use: Scroll            |       |     9 |       |    12 ||    21
       Potion            |       |       |       |     6 ||     6
 Stab: Sleeping          |       |     1 |       |       ||     1
       Distracted        |       |       |     1 |       ||     1
  Eat: Chunk             |    12 |    19 |    33 |    25 ||    89
Armor: Robe              |    32 |    22 |       |       ||    54
       Troll leather arm |       |    11 |    96 |   178 ||   285
       Skin              |       |       |     1 |       ||     1
Dodge: Dodged            |    37 |    51 |   117 |    82 ||   287
Block: Shield            |       |       |    24 |       ||    24
       Large shield      |       |       |    13 |   232 ||   245
